| TOP OF THE 1ST |
|
Biloxi Shuckers batting - Pitching for Mississippi Braves : RHP Thomas Crowner
|
|
Pitching: RHP Thomas Crowner
|
|
|
Batting: SHB Aaron Neill
|
0-0: Ball 1-0: Ball 2-0: Ball 3-0: Base on Balls
|
|
Batting: LHB Jason Raker
|
0-0: Foul Ball, location: 2F 0-1: SINGLE (Groundball, 34D, EV 105.0 MPH) Aaron Neill to second Runner from 2nd tries for 3rd, SAFE, throw by RF made to third Jason Raker to second
|
|
Batting: LHB Adam Hill
|
0-0: Ball 1-0: Called Strike 1-1: Ball 2-1: Swinging Strike 2-2: Foul Ball, location: 2F 2-2: Ball 3-2: Foul Ball, location: 2F 3-2: Fly out, F9 (Flyball, 9LM, EV 100.0 MPH) Runner from 3rd tags up, SCORES, throw by RF Jason Raker to third
|
|
Batting: SHB Justin Hensley
|
0-0: Foul Ball, location: 2F 0-1: Ball 1-1: Foul Ball, location: 2F 1-2: Ball 2-2: Ball 3-2: Fly out, F7 (Flyball, 7, EV 75.0 MPH) Runner from 3rd tags up, SCORES, throw by LF
|
|
Batting: LHB Karel Hort
|
0-0: Fly out, F7 (Flyball, 7, EV 94.4 MPH)
|
| Top of the 1st over - 2 runs, 1 hit, 0 errors, 0 left on base; Biloxi 2 - Mississippi 0 |
| BOTTOM OF THE 1ST |
|
Mississippi Braves batting - Pitching for Biloxi Shuckers : RHP Jim Strickland
|
|
Pitching: RHP Jim Strickland
|
|
|
Batting: RHB Luis Restrepo
|
0-0: Called Strike 0-1: Foul Ball, location: 2F 0-2: Ground out 6-3 (Groundball, 6, EV 87.5 MPH)
|
|
Batting: RHB Paul Landes
|
0-0: DOUBLE (Line Drive, 7LD, EV 108.8 MPH)
|
|
Batting: LHB Art D'Ascenzo
|
0-0: Ball 1-0: Called Strike 1-1: Hit by Pitch
|
|
Batting: LHB Oke Monti
|
0-0: Called Strike 0-1: Ball 1-1: Swinging Strike 1-2: Fly out, F9 (Flyball, 9D, EV 88.1 MPH)
|
|
Batting: RHB Justin Reich
|
0-0: Ball 1-0: Ground out U3 (Groundball, 34S, EV 78.8 MPH)
|
| Bottom of the 1st over - 0 runs, 1 hit, 0 errors, 2 left on base; Biloxi 2 - Mississippi 0 |
| TOP OF THE 2ND |
|
Biloxi Shuckers batting - Pitching for Mississippi Braves : RHP Thomas Crowner
|
|
Batting: LHB Rick Campbell
|
0-0: Called Strike 0-1: Swinging Strike 0-2: Strikes out swinging
|
|
Batting: LHB Kwang-chih Men
|
0-0: Ball 1-0: Called Strike 1-1: Ball 2-1: Ground out 4-3 (Groundball, 4, EV 81.2 MPH)
|
|
Batting: SHB Nick Chandler
|
0-0: Foul Ball, location: 2F 0-1: Called Strike 0-2: Ball 1-2: Foul Ball, location: 2F 1-2: Ground out 5-3 (Groundball, 6, EV 88.1 MPH)
|
| Top of the 2nd over - 0 runs, 0 hits, 0 errors, 0 left on base; Biloxi 2 - Mississippi 0 |
| BOTTOM OF THE 2ND |
|
Mississippi Braves batting - Pitching for Biloxi Shuckers : RHP Jim Strickland
|
|
Batting: SHB Jose Melendez
|
0-0: Ball 1-0: Ground out 6-3 (Groundball, 6, EV 103.8 MPH)
|
|
Batting: LHB Luis Cruz
|
0-0: Ball 1-0: Bunt for hit to 25 - play at first, batter OUT! 5-3
|
|
Batting: RHB Elias Vences
|
0-0: Called Strike 0-1: Ball 1-1: Ball 2-1: Ball 3-1: Called Strike 3-2: Ground out 1-3 (Groundball, 25, EV 66.9 MPH)
|
| Bottom of the 2nd over - 0 runs, 0 hits, 0 errors, 0 left on base; Biloxi 2 - Mississippi 0 |
| TOP OF THE 3RD |
|
Biloxi Shuckers batting - Pitching for Mississippi Braves : RHP Thomas Crowner
|
|
Batting: RHB Dusty Bates
|
0-0: Called Strike 0-1: Ball 1-1: Ball 2-1: Foul Ball, location: 2F 2-2: SINGLE (Line Drive, 8RS, EV 105.0 MPH)
|
|
Batting: SHB Aaron Neill
|
0-0: Swinging Strike 0-1: Grounds into double play, 4-6-3 (Groundball, 34, EV 86.2 MPH)
|
|
Batting: LHB Jason Raker
|
0-0: TRIPLE (Flyball, 89XD, EV 98.8 MPH)
|
|
Batting: LHB Adam Hill
|
0-0: Ball 1-0: DOUBLE (Line Drive, 9LD, EV 100.6 MPH) Jason Raker scores
|
|
Batting: SHB Justin Hensley
|
0-0: Foul Ball, location: 2F 0-1: Foul Ball, location: 2F 0-2: Foul Ball, location: 2F 0-2: Ball 1-2: Foul Ball, location: 2F 1-2: Foul Ball, location: 2F 1-2: Ball 2-2: Foul Ball, location: 2F 2-2: Ball 3-2: Ground out 1-3 (Groundball, 13, EV 68.8 MPH)
|
| Top of the 3rd over - 1 run, 3 hits, 0 errors, 1 left on base; Biloxi 3 - Mississippi 0 |
| BOTTOM OF THE 3RD |
|
Mississippi Braves batting - Pitching for Biloxi Shuckers : RHP Jim Strickland
|
|
Batting: RHB Gerard Michel
|
0-0: Ball 1-0: Ball 2-0: Ball 3-0: Ground out 2-3 (Groundball, 2R, EV 66.2 MPH)
|
|
Batting: RHB Luis Restrepo
|
0-0: Called Strike 0-1: Foul Ball, location: 2F 0-2: Foul Ball, location: 2F 0-2: Hit by Pitch
|
|
Batting: RHB Paul Landes
|
0-0: Swinging Strike 0-1: Foul Ball, location: 2F 0-2: Ball 1-2: Foul Ball, location: 2F 1-2: Ball 2-2: Ball 3-2: Base on Balls Luis Restrepo to second
|
|
Batting: LHB Art D'Ascenzo
|
0-0: Ball 1-0: Grounds into double play, 3-6-3 (Groundball, 34, EV 85.0 MPH)
|
| Bottom of the 3rd over - 0 runs, 0 hits, 0 errors, 1 left on base; Biloxi 3 - Mississippi 0 |
| TOP OF THE 4TH |
|
Biloxi Shuckers batting - Pitching for Mississippi Braves : RHP Thomas Crowner
|
|
Batting: LHB Karel Hort
|
0-0: Called Strike 0-1: Fly out, F8 (Flyball, 89XD, EV 89.4 MPH)
|
|
Batting: LHB Rick Campbell
|
0-0: Ball 1-0: Ground out 6-3 (Groundball, 6, EV 88.8 MPH)
|
|
Batting: LHB Kwang-chih Men
|
0-0: Ball 1-0: Ball 2-0: Fly out, F8 (Line Drive, 8RM, EV 104.4 MPH)
|
| Top of the 4th over - 0 runs, 0 hits, 0 errors, 0 left on base; Biloxi 3 - Mississippi 0 |
| BOTTOM OF THE 4TH |
|
Mississippi Braves batting - Pitching for Biloxi Shuckers : RHP Jim Strickland
|
|
Batting: LHB Oke Monti
|
0-0: Called Strike 0-1: SINGLE (Line Drive, 7S, EV 100.6 MPH)
|
|
Batting: RHB Justin Reich
|
0-0: Called Strike 0-1: Foul Ball, location: 2F 0-2: Strikes out swinging
|
|
Batting: SHB Jose Melendez
|
0-0: Ball 1-0: Foul Ball, location: 2F 1-1: Called Strike 1-2: Foul Ball, location: 2F 1-2: Ball 2-2: SINGLE (Flyball, 89S, EV 95.6 MPH) Oke Monti to second
|
|
Batting: LHB Luis Cruz
|
0-0: Ball 1-0: Swinging Strike 1-1: Ball 2-1: Foul Ball, location: 2F 2-2: SINGLE (Groundball, 4D, EV 103.8 MPH) Oke Monti to third Jose Melendez to second
|
|
Batting: RHB Elias Vences
|
0-0: GRAND SLAM HOME RUN (Flyball, 7D, EV 96.9 MPH), Distance : 402 ft
|
|
Batting: RHB Gerard Michel
|
0-0: Called Strike 0-1: Ground out 5-3 (Groundball, 56D, EV 110.6 MPH)
|
|
Batting: RHB Luis Restrepo
|
0-0: Ball 1-0: Called Strike 1-1: Fly out, F9 (Flyball, 89M, EV 97.5 MPH)
|
| Bottom of the 4th over - 4 runs, 4 hits, 0 errors, 0 left on base; Biloxi 3 - Mississippi 4 |
| TOP OF THE 5TH |
|
Biloxi Shuckers batting - Pitching for Mississippi Braves : RHP Thomas Crowner
|
|
Batting: SHB Nick Chandler
|
0-0: Ball 1-0: Swinging Strike 1-1: Foul Ball, location: 2F 1-2: Strikes out swinging
|
|
Batting: RHB Dusty Bates
|
0-0: Fly out, F9 (Flyball, 9, EV 89.4 MPH)
|
|
Batting: SHB Aaron Neill
|
0-0: Hit by Pitch
|
|
Batting: LHB Jason Raker
|
0-0: Called Strike Aaron Neill steals 2nd base 0-1: Ball 1-1: Ground out 4-3 (Groundball, 4, EV 92.5 MPH)
|
| Top of the 5th over - 0 runs, 0 hits, 0 errors, 1 left on base; Biloxi 3 - Mississippi 4 |
| BOTTOM OF THE 5TH |
|
Mississippi Braves batting - Pitching for Biloxi Shuckers : RHP Jim Strickland
|
|
Batting: RHB Paul Landes
|
0-0: Called Strike 0-1: Ball 1-1: Swinging Strike 1-2: Strikes out swinging
|
|
Batting: LHB Art D'Ascenzo
|
0-0: Called Strike 0-1: Ball 1-1: Ball 2-1: SINGLE (Groundball, 34D, EV 96.2 MPH)
|
|
Batting: LHB Oke Monti
|
0-0: Ball 1-0: Ball 2-0: Ball 3-0: Base on Balls Art D'Ascenzo to second
|
|
Batting: RHB Justin Reich
|
0-0: SINGLE (Groundball, 56D, EV 95.6 MPH) Art D'Ascenzo to third Oke Monti to second Runner from 3rd tries for Home, SAFE, throw by LF to home
|
|
Pitching: RHP Zack Sharp
|
|
|
Batting: SHB Jose Melendez
|
0-0: Called Strike 0-1: Ball 1-1: Foul Ball, location: 2F 1-2: SINGLE (Groundball, 34D, EV 103.1 MPH) Oke Monti to third Justin Reich to second
|
|
Batting: LHB Luis Cruz
|
0-0: Called Strike 0-1: Grounds into fielders choice 6-2 (Groundball, 6M, EV 84.4 MPH) Justin Reich to third Jose Melendez to second
|
|
Batting: RHB Elias Vences
|
0-0: Ball 1-0: Ball 2-0: SINGLE (Groundball, 6M, EV 102.5 MPH) (infield hit) Justin Reich scores Jose Melendez to third Luis Cruz to second
|
|
Batting: RHB Gerard Michel
|
0-0: Called Strike 0-1: Foul Ball, location: 2F 0-2: Ball 1-2: SINGLE (Groundball, 6MD, EV 98.8 MPH) Jose Melendez scores Luis Cruz to third Elias Vences to second Runner from 3rd tries for Home, SAFE, throw by CF to home
|
|
Batting: RHB Luis Restrepo
|
0-0: Ball 1-0: Foul Ball, location: 2F 1-1: Ball 2-1: Foul Ball, location: 2F 2-2: Strikes out swinging
|
| Bottom of the 5th over - 4 runs, 5 hits, 0 errors, 2 left on base; Biloxi 3 - Mississippi 8 |
| TOP OF THE 6TH |
|
Biloxi Shuckers batting - Pitching for Mississippi Braves : RHP Thomas Crowner
|
|
Batting: LHB Adam Hill
|
0-0: Ball 1-0: Ball 2-0: Called Strike 2-1: Foul Ball, location: 2F 2-2: Foul Ball, location: 2F 2-2: Foul Ball, location: 2F 2-2: Ball 3-2: Fly out, F9 (Flyball, 89S, EV 71.2 MPH)
|
|
Batting: SHB Justin Hensley
|
0-0: Ball 1-0: Called Strike 1-1: Ball 2-1: Called Strike 2-2: Strikes out swinging
|
|
Batting: LHB Karel Hort
|
0-0: Foul Ball, location: 2F 0-1: DOUBLE (Flyball, 89XD, EV 112.5 MPH)
|
|
Batting: LHB Rick Campbell
|
0-0: Called Strike 0-1: Fly out, F5 (Popup, 5S, EV 91.9 MPH)
|
| Top of the 6th over - 0 runs, 1 hit, 0 errors, 1 left on base; Biloxi 3 - Mississippi 8 |
| BOTTOM OF THE 6TH |
|
Mississippi Braves batting - Pitching for Biloxi Shuckers : RHP Zack Sharp
|
|
Batting: RHB Paul Landes
|
0-0: SINGLE (Line Drive, 7LS, EV 106.9 MPH)
|
|
Batting: LHB Art D'Ascenzo
|
0-0: Fly out, F5 (Popup, 5F, EV 65.6 MPH)
|
|
Batting: LHB Oke Monti
|
0-0: Ball 1-0: Grounds into double play, 4-6-3 (Groundball, 34D, EV 99.4 MPH)
|
| Bottom of the 6th over - 0 runs, 1 hit, 0 errors, 0 left on base; Biloxi 3 - Mississippi 8 |
| TOP OF THE 7TH |
|
Biloxi Shuckers batting - Pitching for Mississippi Braves : RHP Thomas Crowner
|
|
Batting: LHB Kwang-chih Men
|
0-0: Ball 1-0: Ball 2-0: Called Strike 2-1: Swinging Strike 2-2: Strikes out looking
|
|
Batting: SHB Nick Chandler
|
0-0: Foul Ball, location: 2F 0-1: Ball 1-1: Called Strike 1-2: SOLO HOME RUN (Flyball, 9LD, EV 103.8 MPH), Distance : 400 ft
|
|
Batting: RHB Dusty Bates
|
0-0: Ball 1-0: Called Strike 1-1: Ground out 6-3 (Groundball, 56, EV 88.1 MPH)
|
|
Batting: SHB Aaron Neill
|
0-0: Ball 1-0: Foul Ball, location: 2F 1-1: Ball 2-1: Called Strike 2-2: Hit by Pitch
|
|
Pitching: RHP Nate Bixler
|
|
|
Pinch Runner at 1st Brian Landrum:
|
|
|
Batting: LHB Jason Raker
|
0-0: Called Strike 0-1: Ball 1-1: Ball Brian Landrum steals 2nd base 2-1: Ball 3-1: Foul Ball, location: 2F 3-2: Base on Balls
|
|
Batting: LHB Adam Hill
|
0-0: Ground out 1-3 (Groundball, 23, EV 68.1 MPH)
|
| Top of the 7th over - 1 run, 1 hit, 0 errors, 2 left on base; Biloxi 4 - Mississippi 8 |
| BOTTOM OF THE 7TH |
|
Mississippi Braves batting - Pitching for Biloxi Shuckers : RHP Zack Sharp
|
|
Pitching: LHP Brian Rich
|
|
|
Now in CF: Brian Landrum
|
|
|
Batting: RHB Justin Reich
|
0-0: Called Strike 0-1: Ball 1-1: Ball 2-1: Foul Ball, location: 2F 2-2: Ball 3-2: Strikes out swinging
|
|
Batting: SHB Jose Melendez
|
0-0: Called Strike 0-1: Ball 1-1: Swinging Strike 1-2: DOUBLE (Line Drive, 9LM, EV 107.5 MPH)
|
|
Batting: LHB Luis Cruz
|
0-0: Fly out, F9 (Line Drive, 9LM, EV 91.2 MPH)
|
|
Batting: RHB Elias Vences
|
0-0: Ball 1-0: Ball 2-0: Called Strike 2-1: Ball 3-1: Base on Balls
|
|
Batting: RHB Gerard Michel
|
0-0: Ground out 5-3 (Groundball, 56S, EV 70.6 MPH)
|
| Bottom of the 7th over - 0 runs, 1 hit, 0 errors, 2 left on base; Biloxi 4 - Mississippi 8 |
| TOP OF THE 8TH |
|
Biloxi Shuckers batting - Pitching for Mississippi Braves : RHP Nate Bixler
|
|
Batting: SHB Justin Hensley
|
0-0: Called Strike 0-1: Ball 1-1: Ball 2-1: Swinging Strike 2-2: SINGLE (Groundball, 6M, EV 98.1 MPH) (infield hit)
|
|
Batting: LHB Karel Hort
|
0-0: Called Strike 0-1: Ball 1-1: Ball 2-1: Swinging Strike 2-2: Fielders Choice at 2nd, 4-6 (Groundball, 34, EV 98.8 MPH)
|
|
Batting: LHB Rick Campbell
|
0-0: Foul Ball, location: 2F 0-1: Ball 1-1: Ball 2-1: Fielders Choice at 2nd, 6-4 (Groundball, 6, EV 86.9 MPH)
|
|
Batting: LHB Kwang-chih Men
|
0-0: Called Strike 0-1: Foul Ball, location: 2F 0-2: Ball 1-2: Fly out, F8 (Flyball, 8RD, EV 92.5 MPH)
|
| Top of the 8th over - 0 runs, 1 hit, 0 errors, 1 left on base; Biloxi 4 - Mississippi 8 |
| BOTTOM OF THE 8TH |
|
Mississippi Braves batting - Pitching for Biloxi Shuckers : LHP Brian Rich
|
|
Pitching: RHP Jay Cowgill
|
|
|
Batting: RHB Luis Restrepo
|
0-0: SINGLE (Line Drive, 34D, EV 103.1 MPH)
|
|
Batting: RHB Paul Landes
|
0-0: Foul Ball, location: 2F 0-1: Fly out, F8 (Flyball, 78M, EV 87.5 MPH)
|
|
Batting: LHB Art D'Ascenzo
|
0-0: Called Strike Luis Restrepo steals 2nd base (no throw) 0-1: SINGLE (Groundball, 34D, EV 94.4 MPH) Luis Restrepo to third Runner from 3rd tries for Home, SAFE, throw by RF to home Art D'Ascenzo to second
|
|
Batting: LHB Oke Monti
|
0-0: Ball 1-0: Foul Ball, location: 2F 1-1: Ball 2-1: Ball 3-1: Swinging Strike 3-2: Foul Ball, location: 2F 3-2: Strikes out swinging
|
|
Batting: RHB Justin Reich
|
0-0: Ball 1-0: Ball 2-0: Ball 3-0: Base on Balls
|
|
Batting: SHB Jose Melendez
|
0-0: Foul Ball, location: 2F 0-1: Ball 1-1: DOUBLE (Flyball, 8RXD, EV 104.4 MPH) Art D'Ascenzo scores Justin Reich to third Runner from 3rd tries for Home, SAFE, no throw by CF
|
|
Pitching: RHP Zachery Waff
|
|
|
Batting: LHB Luis Cruz
|
0-0: Called Strike 0-1: Ball 1-1: Called Strike 1-2: Strikes out looking
|
| Bottom of the 8th over - 3 runs, 3 hits, 0 errors, 1 left on base; Biloxi 4 - Mississippi 11 |
| TOP OF THE 9TH |
|
Biloxi Shuckers batting - Pitching for Mississippi Braves : RHP Nate Bixler
|
|
Batting: SHB Nick Chandler
|
0-0: Ball 1-0: Fly out, F7 (Line Drive, 7, EV 90.0 MPH)
|
|
Batting: RHB Dusty Bates
|
0-0: DOUBLE (Flyball, 8RXD, EV 105.6 MPH)
|
|
Pitching: RHP Andy Britton
|
|
|
Batting: RHB Brian Landrum
|
0-0: Fly out, F8 (Line Drive, 8LD, EV 97.5 MPH)
|
|
Batting: LHB Jason Raker
|
0-0: Foul Ball, location: 2F 0-1: Foul Ball, location: 2F 0-2: Ball 1-2: DOUBLE (Flyball, 89D, EV 108.1 MPH) Dusty Bates scores
|
|
Batting: LHB Adam Hill
|
0-0: Ball 1-0: Swinging Strike 1-1: Ball 2-1: Called Strike 2-2: Ball 3-2: Base on Balls
|
|
Pitching: RHP Chris Hawkins
|
|
|
Batting: SHB Justin Hensley
|
0-0: Ball 1-0: Ball 2-0: Foul Ball, location: 2F 2-1: Called Strike 2-2: Foul Ball, location: 2F 2-2: Ball 3-2: Ground out U3 (Groundball, 3, EV 101.9 MPH)
|
| Top of the 9th over - 1 run, 2 hits, 0 errors, 2 left on base; Biloxi 5 - Mississippi 11 |
|